 Dungeon Crawl Stone Soup version 0.31-a0-700-gf13585253f (webtiles) character file.

Game seed: 7035620725089426910

44 qw the Shooter (level 3, -7/22 HPs)
             Began as a Gargoyle Hunter on Sept 7, 2023.
             Mangled by a gnoll
             ... wielding a +0 flail
              (9 damage)
             ... on level 3 of the Dungeon.
             The game lasted 00:00:31 (1188 turns).

qw the Shooter (Gargoyle Hunter)                    Turns: 1188, Time: 00:00:31

Health: -7/22      AC:  8    Str: 14    XL:     3   Next: 60%
Magic:  3/3        EV: 10    Int:  9    God:
Gold:   82         SH:  0    Dex: 15    Spells: 2/2 levels left

rFire   . . .        Y - +0 shortbow
rCold   . . .        (shield currently unavailable)
rNeg    + . .        a - +0 ring mail
rPois   inf          (no helmet)
rElec   +            (no cloak)
rCorr   .            (no gloves)
SInv    .            (no boots)
Will    .....        (no amulet)
Stlth   +            (no ring)
HPRegen 0.23/turn    (no ring)
MPRegen 0.08/turn

%: no passive effects
@: no status effects
A: sickness immunity, AC +3, negative energy resistance 1, electricity
resistance, torment resistance 1, petrification resistance
a: no special abilities


You were on level 3 of the Dungeon.
You visited 1 branch of the dungeon, and saw 3 of its levels.

You collected 82 gold pieces.


Innate Abilities, Weirdness & Mutations

You are immune to sickness and miasma.
Your stone body is resilient. (AC +3)
You are immune to poison.
You resist negative energy. (rN+)
You are resistant to electric shocks. (rElec)
You are resistant to unholy torment.
You are immune to petrification.


   Skills:
 - Level 2.5 Fighting
 - Level 5.0 Ranged Weapons
 + Level 0.9 Armour
 - Level 1.5 Dodging
 - Level 1.1 Stealth


You had 2 spell levels left.
You didn't know any spells.
Your spell library was empty.

Inventory:

Hand Weapons
 Y - a +0 shortbow (weapon)
Armour
 a - a +0 ring mail (worn)
Potions
 b - a potion of curing {unknown}
 d - a potion of magic {unknown}

Dungeon Overview and Level Annotations

Branches:
Dungeon (3/15)

Altars:


Message History

1175 ||| RETREATING.
The gnoll shouts!
1176 ||| Stepping ~*~*~tactically~*~*~ (outnumbered).
You shoot an arrow. The arrow closely misses the gnoll.
You shoot an arrow. The arrow hits the gnoll!
The gnoll is severely wounded.
1179 |||
Found retreat position at -3,-3 (floor) with 0 blocking monsters and 1 monsters attacking at destination at distance 4
1179 ||| Stepping ~*~*~tactically~*~*~ (retreating).
1180 |||
Found retreat position at -2,-2 (floor) with 0 blocking monsters and 1 monsters attacking at destination at distance 3
1180 ||| Stepping ~*~*~tactically~*~*~ (retreating).
A goblin comes into view. It is wielding a +0 club.
1181 |||
Found retreat position at -1,-2 (floor) with 0 blocking monsters and 2 monsters attacking at destination at distance 2
1181 ||| Stepping ~*~*~tactically~*~*~ (retreating).
The goblin shouts!
You hear a shout!
A gnoll comes into view. It is wielding a +0 whip.
1182 |||
Found retreat position at 0,-1 (floor) with 0 blocking monsters and 1 monsters attacking at destination at distance 1
1182 ||| Stepping ~*~*~tactically~*~*~ (retreating).
You shoot an arrow. The arrow hits the gnoll.
The gnoll is moderately wounded.
The gnoll hits you with a +0 flail. The gnoll hits you but does no damage.
You shoot an arrow. The arrow hits the gnoll.
The gnoll is severely wounded.
The gnoll hits you with a +0 flail. The gnoll barely misses you. x2
You shoot an arrow. The arrow barely misses the gnoll.
The arrow hits the gnoll.
The gnoll is almost dead.
The gnoll hits you from afar with a +0 spear.
The gnoll barely misses you.
The gnoll hits you from afar with a +0 spear.
You shoot an arrow. The arrow barely misses the gnoll.
The arrow hits the gnoll but does no damage.
The gnoll is almost dead.
The gnoll closely misses you. The gnoll barely misses you.
You shoot an arrow. The arrow closely misses the gnoll.
The arrow hits the gnoll but does no damage.
The gnoll is almost dead.
The gnoll hits you with a +0 flail. The gnoll closely misses you.
You shoot an arrow. The arrow hits the gnoll.
The gnoll is almost dead.
The gnoll hits you with a +0 flail!
You die...

########## #.........
#.#####.##
########.#####.###
#................# #
###.######.#####@#.# .#
>......# #.#####g#.##.#
.#..##.# #.....ggg....#
....##.# ######.g.....#
.#.###.# #.##.##.#
...###.########.##.# #
.............##.##....#
...###.......##.####..#
##.# #.......##.# ..#


You could see 4 gnolls and a goblin.

Vanquished Creatures
  A worm (D:2)
  2 dart slugs
  3 ball pythons
  An endoplasm (D:2)
  3 giant cockroaches (D:1)
  5 goblins
  5 hobgoblins
  7 jackals
  A bat (D:3)
  A kobold (D:1)
  A rat (D:1)
30 creatures vanquished.

Notes
Turn   | Place    | Note
-------+----------+-------------------------------------------
     0 | D:1      | qw the Gargoyle Hunter began the quest for the Orb.
     0 | D:1      | Reached XP level 1. HP: 12/12 MP: 1/1
     0 | D:1      | 0 ||| qw: Version: 0.3-a-76-g4403597
     0 | D:1      | 0 ||| qw: Game counter: 449
     0 | D:1      | 0 ||| qw: Melee chars always use a shield: true
     0 | D:1      | 0 ||| qw: God list: Okawaru
     0 | D:1      | 0 ||| qw: Allow faded altars: false
     0 | D:1      | 0 ||| qw: Do Orc after clearing Dungeon:15 true
     0 | D:1      | 0 ||| qw: Do second Lair branch before Depths: true
     0 | D:1      | 0 ||| qw: Lair rune preference: random
     0 | D:1      | 0 ||| qw: Goals: Normal
     0 | D:1      | 0 ||| PLANNING D:1-11
   219 | D:1      | Reached XP level 2. HP: 17/17 MP: 2/2
   314 | D:1      | Found a faded altar of an unknown god.
   559 | D:1      | 559 ||| READING scroll labelled WAYTWE WANOD.
   560 | D:1      | 560 ||| READING scroll labelled SUXKUAH WIYDOR.
   561 | D:1      | 561 ||| READING scroll labelled EDWOESUES.
   562 | D:1      | 562 ||| READING scroll labelled CEMIBL ACAATIU.
   563 | D:1      | 563 ||| DROPPING scroll of butterflies.
   681 | D:2      | Reached XP level 3. HP: 21/21 MP: 3/3
   801 | D:2      | Reached skill level 5 in Ranged Weapons
  1014 | D:2      | 1014 ||| UPGRADING to +0 ring mail.
  1024 | D:2      | 1024 ||| DROPPING +0 leather armour.
  1025 | D:2      | 1025 ||| READING scroll labelled BIOT MYLIJUI.
  1025 | D:2      | Identified a scroll of acquirement
  1025 | D:2      | 1025 ||| ACQUIRING 823 gold pieces
  1025 | D:2      | Acquired 823 gold pieces
  1026 | D:2      | 1026 ||| READING scroll labelled WAXYEC NADDU.
  1044 | D:3      | 1044 ||| STAIRDANCE
  1175 | D:3      | 1175 ||| RETREATING.
  1176 | D:3      | 1176 ||| Stepping ~*~*~tactically~*~*~ (outnumbered).
  1179 | D:3      | 1179 ||| Stepping ~*~*~tactically~*~*~ (retreating).
  1180 | D:3      | 1180 ||| Stepping ~*~*~tactically~*~*~ (retreating).
  1181 | D:3      | 1181 ||| Stepping ~*~*~tactically~*~*~ (retreating).
  1182 | D:3      | 1182 ||| Stepping ~*~*~tactically~*~*~ (retreating).
  1185 | D:3      | HP: 5/22 [gnoll/+0 spear (3)]
  1187 | D:3      | HP: 2/22 [gnoll/+0 flail (4)]
  1188 | D:3      | Mangled by a gnoll

Levels and vault maps discovered:
D:1:      tarquinn_simple_flora_water_e, layout_loops_ring,
          shapermc_ecumenical_altar_rom_forum
D:2:      layout_basic
D:3:      layout_loops_cross, pdpol_temple_overflow_zin_treasury_gozag_greed,
          mainiacjoe_overflow_catwalk_spiral

Skill      XL: |  1  2  3 |
---------------+----------+-----
Ranged Weapons | 5 |  5.0
Fighting       | |  2.5
Armour         | |  0.9
Dodging        | |  1.5
Stealth        | |  1.1

Action                     || total
---------------------------++-------
   Fire: Shortbow          ||   115
    Use: Scroll            ||     6
 Armour: Leather armour    ||    16
         Ring mail         ||    17
  Dodge: Dodged            ||    41

Table legend:
 A = Non-vault XP
 B = Vault XP
 C = Vault XP percentage of total XP
 D = Non-vault monster count
 E = Vault monster count
 F = Vault count percentage of total count
                 A         B        C        D         E       F
            +---------+---------+-------+---------+---------+-------
      Total |      63 |       0 |   0.0 |      30 |       0 |   0.0
            +---------+---------+-------+---------+---------+-------
        D:1 |      22 |       0 |   0.0 |      11 |       0 |   0.0
        D:2 |      31 |       0 |   0.0 |      13 |       0 |   0.0
        D:3 |      10 |       0 |   0.0 |       6 |       0 |   0.0
            +---------+---------+-------+---------+---------+-------
